AoeStats
← IsmaelAoE

Black Forest

509209599Analyzed
3v3 RM · 6d ago on Sep 25, 2026· 23m 13s· 6 players
Game mode
Random Map
Map size
Normal (6 player)
Population
200
Speed
Normal
Resources
Standard
Victory
Conquest
Starting age
Dark Age
Ending age
Imperial Age
RankedLock teamsTeams togetherTeam positionsShared explorationLock speedFull tech treeHidden civsTurbo modeCheats
Victory
Defeat
🇺🇾 Persians · Uruguay
760
+11
🇪🇸 Turks · Spain
741
+11
🇲🇽 Mongols · Mexico
537
+20
🇪🇸 Turks · Spain
645
-14
🇺🇸 Huns · United States
629
-14
🇺🇸 Wei · United States
625
-14
Tepisooo
鲁智深
PerkyCake117159
IsmaelAoE
0:41 Loom
14:06 Feudal Age
17:34 Wheelbarrow
22:00 Horse Collar
23:49 Bloodlines
Falso 9
12:52 Feudal Age
15:34 Wheelbarrow
14:49 Double-Bit Axe
18:54 Horse Collar
22:19 Castle Age
20:35 Stone Mining
22:24 Gold Mining
23:25 Hand Cart
ignacio.gdr25
11:51 Feudal Age
12:35 Man-at-Arms
Connection lost

Rejoining the realm…

Still unreachable

The connection could not be restored.

Session expired

The server has moved on; the page needs a fresh start.